 Dungeon Crawl Stone Soup version 0.26.1-2-gb8aa6d0cf2 (webtiles) character file.

Game seed: 2036448221942388204

176 FishyPogo the Changer (level 5, -1/37 HPs)
             Began as a Demonspawn Transmuter on Feb 23, 2021.
             Slain by an orc (2 damage)
             ... on level 3 of the Dungeon.
             The game lasted 00:10:59 (3236 turns).

FishyPogo the Changer (Demonspawn Transmuter)       Turns: 3236, Time: 00:11:00

Health: -1/37      AC:  4    Str: 11    XL:     5   Next: 30%
Magic:  0/8        EV: 12    Int: 15    God:
Gold:   143        SH:  0    Dex: 13    Spells: 4/8 levels left

rFire    . . .     SeeInvis .     - Unarmed
rCold    . . .     Faith    .   (no shield)
rNeg     . . .     Spirit   +   a - +0 robe
rPois    .         Reflect  .   (helmet currently unavailable)
rElec    .         Harm     .   (no cloak)
rCorr    .         Rampage  .   (no gloves)
Will     .....                  (boots currently unavailable)
Stlth    +.........             (no amulet)
HPRegen  0.12/turn              (no ring)
MPRegen  0.11/turn              (no ring)

@: appendages
A: horns 2, talons 1, yellow scales 1, magic shield
a: End Transformation


You were on level 3 of the Dungeon.
You had grown temporary horns.
You visited 1 branch of the dungeon, and saw 3 of its levels.

You collected 143 gold pieces.

Inventory:

Missiles
 g - 92 stones
 o - 2 javelins
 q - 24 poisoned darts
Armour
 a - a +0 robe (worn)
 d - a +0 ring mail
Scrolls
 c - a scroll of identify
 e - 3 scrolls of teleportation {unknown}
 f - a scroll of noise {unknown}
 k - a scroll of fog {unknown}
 l - 2 scrolls of magic mapping {unknown}
 m - 2 scrolls of remove curse {unknown}
 n - 2 scrolls of immolation {unknown}
 p - a scroll of fear {unknown}
Potions
 b - a potion of curing {unknown}
 h - a potion of brilliance {unknown}
 i - 2 potions of attraction
 j - 2 potions of flight {unknown}


   Skills:
 - Level 1.0 Fighting
 - Level 2.0 Dodging
 - Level 3.0 Unarmed Combat
 - Level 2.0 Spellcasting
 * Level 4.8 Transmutations


You had 4 spell levels left.
You knew the following spells:

 Your Spells              Type           Power        Failure   Level
u - Spider Form           Tmut/Pois      4%           24%         3
y - Beastly Appendage     Tmut           32%          3%          1

Your spell library contained the following spells:

 Spells                   Type           Power        Failure   Level
 Wereblood                Tmut           16%          4%          2
 Ice Form                 Ice/Tmut       8%           63%         4
 Blade Hands              Tmut           8%           63%         5


Dungeon Overview and Level Annotations

Branches:
Dungeon (3/15)

Altars:
Fedhas


Innate Abilities, Weirdness & Mutations

You have sharp toenails.
You are partially covered in yellow scales. (AC +2)
When hurt, damage is shared between your health and your magic reserves.
You have a pair of horns on your head.


Message History

The centaur is moderately wounded.
Your transformation has ended.
Your +0 robe unmelds from your body.
The centaur closely misses you.
Unknown command.
Casting: Spider Form (quite dangerous; 24% risk of failure)
Confirm with . or Enter, or press ? or * to list all spells.
You don't have enough magic to cast that spell.
Casting: Spider Form (quite dangerous; 24% risk of failure)
Confirm with . or Enter, or press ? or * to list all spells.
You grow a pair of large bovine horns.
The centaur hits you.
* * * LOW HITPOINT WARNING * * *
The orc barely misses you. The centaur barely misses you.
You closely miss the centaur. You claw the centaur, but do no damage.
The centaur is heavily wounded.
The orc hits you but does no damage. The centaur hits you.
* * * LOW HITPOINT WARNING * * *
You barely miss the centaur.
The centaur is heavily wounded.
The orc hits you.
You die...

# . # # .. ## ## ######
#.. # ..... ##..... ....
.###########....##
.....##...........>.#.##
......oc.# ####....#.#.
#@# #.†..##... #(#
#.######## #.# #.# #.#
#.## #.#######..#
#(<........#
##.######### #).# #..#


You could see a centaur (very poisoned) and an orc.

Vanquished Creatures
  An orc priest (D:3)
  An orc wizard (D:3)
  4 adders
  An ooze (D:2)
  A worm (D:2)
  A dart slug (D:1)
  4 leopard geckos (D:2)
  5 orcs (D:3)
  3 giant cockroaches
  5 goblins
  7 hobgoblins
  15 kobolds
  A quokka (D:3)
  9 bats
  7 frilled lizards
  6 rats
71 creatures vanquished.

Vanquished Creatures (others)
  5 plants (D:2)
5 creatures vanquished.

Grand Total: 76 creatures vanquished

Notes
Turn   | Place    | Note
-------+----------+-------------------------------------------
     0 | D:1      | FishyPogo the Demonspawn Transmuter began the quest for the
                  | Orb.
     0 | D:1      | Reached XP level 1. HP: 15/15 MP: 3/3
    51 | D:1      | Reached skill level 2 in Transmutations
   122 | D:1      | Gained mutation: When hurt, damage is shared between your
                  | health and your magic reserves. [demonic ancestry]
   122 | D:1      | Reached XP level 2. HP: 1/21 MP: 5/5
  1021 | D:1      | You fall into a shaft and drop 1 floor!
  1204 | D:2      | Reached skill level 3 in Transmutations
  1204 | D:2      | Gained mutation: You are partially covered in yellow
                  | scales. (AC +2) [demonic ancestry]
  1204 | D:2      | Reached XP level 3. HP: 25/26 MP: 3/6
  1210 | D:2      | Learned a level 3 spell: Spider Form
  1583 | D:2      | Found a blossoming altar of Fedhas.
  1620 | D:2      | Reached XP level 4. HP: 25/32 MP: 5/7
  2589 | D:3      | Reached skill level 4 in Transmutations
  2635 | D:3      | Mutation became permanent: You have sharp toenails.
                  | [demonic ancestry]
  2635 | D:3      | Gained mutation: You have razor-sharp toenails. [demonic
                  | ancestry]
  2635 | D:3      | Reached XP level 5. HP: 12/37 MP: 5/8
  3216 | D:3      | Noticed a centaur
  3235 | D:3      | HP: 1/37 [centaur (3)]
  3236 | D:3      | Slain by an orc

Illustrated notes

Levels and vault maps discovered:
D:1:      ncdulo_wetmaze, layout_rooms
D:2:      layout_loops_corners, nicolae_overflow_crystal_walls,
          hangedman_decor_growths, lexackson_kobold_supper
D:3:      layout_loops_ring, serial_co_window_serial, co_window_paths_b,
          co_window_paths_a, co_window_paths_b, co_window_paths_a,
          co_window_of_opportunity_a, co_window_cross_2, co_window_corner_b,
          co_window_2corner, co_window_broadway_a, glass_columns_c,
          uniq_jessica, uniq_natasha, uniq_robin

Skill      XL: |  1  2  3  4 |
---------------+-------------+-----
Transmutations | 2 3 4 |  4.8
Dodging        | 2 |  2.0
Unarmed Combat | 3 |  3.0
Fighting       | |  1.0
Spellcasting   | |  2.0

Action                   |  1- 3 |  4- 6 || total
-------------------------+-------+-------++-------
Melee: Unarmed           |    95 |   115 ||   210
       Kick              |    14 |     9 ||    23
       Headbutt          |     8 |     7 ||    15
       Punch             |       |     2 ||     2
 Cast: Beastly Appendage |    21 |    18 ||    39
       Spider Form       |       |     2 ||     2
  Use: Scroll            |     1 |       ||     1
 Stab: Sleeping          |       |     2 ||     2
Armor: Robe              |    16 |    37 ||    53
Dodge: Dodged            |    53 |    78 ||   131
